 Dungeon Crawl Stone Soup version 0.30-a0-782-ge64f9170bb (webtiles) character file.

Game seed: 17568632989456562314

2 Angani the Magician (level 1, 0/14 HPs)
             Began as a Draconian Hedge Wizard on Mar 12, 2023.
             Slain by a hobgoblin (3 damage)
             ... on level 1 of the Dungeon.
             The game lasted 00:00:42 (113 turns).

Angani the Magician (Draconian Hedge Wizard)         Turns: 113, Time: 00:00:42

Health: 0/14       AC:  4    Str: 12    XL:     1   Next: 33%
Magic:  1/4        EV: 12    Int: 14    God:
Gold:   9          SH:  0    Dex: 10    Spells: 5/6 levels left

rFire   . . .      SeeInvis .    a - +0 dagger
rCold   . . .      Faith    .    (no shield)
rNeg    . . .      Spirit   .    (body armour unavailable)
rPois   .          Reflect  .    b - +0 hat
rElec   .          Harm     .    (no cloak)
rCorr   .          Rampage  .    (no gloves)
Will    .....                    (no boots)
Stlth   ++                       (no amulet)
HPRegen 0.22/turn                (no ring)
MPRegen 0.09/turn                (no ring)

@: no status effects
A: AC +4, unfitting armour, cold-blooded
a: no special abilities


You were on level 1 of the Dungeon.
You visited 1 branch of the dungeon, and saw 1 of its levels.

You collected 9 gold pieces.

Inventory:

Hand Weapons
 a - a +0 dagger (weapon)
Missiles
 d - an atropa-tipped dart
Armour
 b - a +0 hat (worn)


   Skills:
 - Level 1.7 Dodging
 - Level 1.7 Stealth
 + Level 3.0 Spellcasting
 * Level 1.2 Conjurations
 - Level 1.0 Summonings
 - Level 1.0 Translocations


You had 5 spell levels left.
You knew the following spells:

 Your Spells              Type           Power      Damage    Failure   Level
a - Magic Dart            Conj           20%        1d4       13%         1

Your spell library contained the following spells:

 Spells                   Type           Power      Damage    Failure   Level
 Slow                     Hex            8%         N/A       22%         1
 Blink                    Tloc           8%         N/A       22%         2
 Call Imp                 Summ           4%         N/A       22%         2
 Cigotuvi's Dreadful Rot  Necr/Pois/Air  4%         N/A       32%         2
 Mephitic Cloud           Conj/Pois/Air  3%         N/A       47%         3


Dungeon Overview and Level Annotations

Branches:
Dungeon (1/15)

Altars:


Innate Abilities, Weirdness & Mutations

Your plain brown scales are hard. (AC +4)
You cannot fit into any form of body armour.
You are cold-blooded and may be slowed by cold attacks.


Message History

The jackal barks!
You hear an angry hiss. x2
The jackal is no longer blind.
The jackal closely misses you. The jackal bites you.
* * * LOW HITPOINT WARNING * * *
Aiming: Magic Dart (safe; 14% risk of failure)
Press: ? - help, Q - select action, (/) - cycle Shift-Dir - straight line, f/p - jackal
Aim: a jackal (moderately wounded, 100% to hit)
The magic dart hits the jackal.
The jackal is heavily wounded.
The jackal closely misses you. The jackal bites you.
* * * LOW HITPOINT WARNING * * *
The jackal misses you. The jackal closely misses you.
A hobgoblin comes into view.
Aiming: Magic Dart (safe; 14% risk of failure)
Press: ? - help, Q - select action, (/) - cycle Shift-Dir - straight line, f/p - jackal
Aim: a jackal (moderately wounded, 100% to hit)
The magic dart hits the jackal.
The jackal is almost dead.
A ball python comes into view.
The jackal bites you but does no damage.
The jackal closely misses you.
Aiming: Magic Dart (safe; 14% risk of failure)
Press: ? - help, Q - select action, (/) - cycle Shift-Dir - straight line, f/p - jackal
Aim: a jackal (almost dead, 100% to hit)
The magic dart hits the jackal.
You kill the jackal!
The jackal completely misses you.
The jackal bites you but does no damage.
You don't have enough magic to cast this spell.
Unknown command.
You hit the hobgoblin but do no damage. The jackal barely misses you.
The hobgoblin hits you but does no damage.
You hit the hobgoblin but do no damage. You tail-slap the hobgoblin.
The hobgoblin is severely wounded.
The jackal closely misses you.
You hit the hobgoblin but do no damage. You tail-slap the hobgoblin.
The hobgoblin is moderately wounded.
The jackal barely misses you. x2; The hobgoblin hits you.
You die...

#....#..#..#8.#.8#
#....#.###.##.#.##
#......###.#8.#.8 .
#.......#..##.#.# ..
#..........#8...8 ...
#..........###+###.....
####>........(g........
#......####g##hh....
#......# #g@hhhl...
#....... ####hhS...
#####..#. ..... #..
.... ##. ... .. #.


You could see 7 jackals, 3 hobgoblins, a ball python and a frilled lizard.

Vanquished Creatures
  A jackal (D:1)
  A goblin (D:1)
  A kobold (D:1)
3 creatures vanquished.

Notes
Turn   | Place    | Note
-------+----------+-------------------------------------------
     0 | D:1      | Angani the Draconian Hedge Wizard began the quest for the
                  | Orb.
     0 | D:1      | Reached XP level 1. HP: 14/14 MP: 4/4
   113 | D:1      | Slain by a hobgoblin

Illustrated notes

Levels and vault maps discovered:
D:1:      heliophobic_arrival_ceremonial_halls, layout_rooms,
          serial_park_tiny_2, minmay_misc_feat_encased

Action                     || total
---------------------------++-------
  Melee: Dagger            ||     9
         Tailslap          ||     3
  Throw: Dart              ||     5
   Cast: Magic Dart        ||    13
    Use: Scroll            ||     1
         Potion            ||     1
 Armour: Skin              ||    11
  Dodge: Dodged            ||    29

Table legend: (Time is in decaauts)
 A = Elapsed time spent in this place.
 B = Non-inter-level travel time spent in this place.
 C = Inter-level travel time spent in this place.
 D = Time resting spent in this place.
 E = Time spent auto-exploring this place.
 F = Levels seen in this place.
 G = Mean time per level.
                   A        B        C        D        E       F      G
               +--------+--------+--------+--------+--------+-----+--------+
         Total |    113 |    113 |      0 |     41 |     34 |   1 |  113.0 |
       Dungeon |    113 |    113 |      0 |     41 |     34 |   1 |  113.0 |
               +--------+--------+--------+--------+--------+-----+--------+

Top non-repeatable levels by time:
     D:1: 113 daAuts
